[Event "13th KIIT Festival-A 2022"]
[Site "Bhubaneswar"]
[Date "2022.05.24"]
[Round "4.13"]
[White "Chidvilash Sai Surapaneni"]
[Black "Gusain, Himal"]
[Result "1-0"]
[ECO "A36"]
[WhiteElo "1912"]
[BlackElo "2396"]
[Annotator "TA"]
[PlyCount "109"]
[EventDate "2022.05.15"]
[EventType "swiss"]
[EventCountry "IND"]
[SourceTitle "playchess.com"]
[Source "ChessBase"]
[SourceQuality "1"]
[TimeControl "5400+30"]

1. c4 e6 2. e4 c5 3. Nc3 Nc6 4. g3 g6 5. Bg2 Bg7 6. Nge2 {[%emt 0:00:10] A36: Symmetrical English vs ...g6: 4 Bg2 Bg7.} h5 7. h3 Nge7 8. d3 {[%emt 0:00:12] The position is equal.} a6 9. a4 {[%emt 0:00:41] [#]} Nd4 $146 ({Predecessor:} 9... d6 10. Rb1 Nb4 11. Bg5 Bd7 12. O-O h4 13. d4 hxg3 14. fxg3 Qc7 15. e5 dxe5 {½-½ (57) Weyerstrass,R (2339)-Claridge,J (2352) ICCF email 2017}) 10. O-O Nec6 11. Rb1 d6 12. Nxd4 cxd4 13. Ne2 a5 14. b3 Bd7 15. f4 f5 (15... e5 $11) 16. Ba3 $14 Bf8 (16... Qc7 $14) 17. h4 Qb6 18. Kh2 Nb4 {[%emt 0:00:00] [#]} (18... e5 $16 {was called for.}) 19. Bxb4 (19. Nxd4 $1 $18 {[%cal Oe4f5][%mdl 512] Black must now prevent exf5!} Bg7 20. Nb5) 19... axb4 $16 20. Ng1 e5 (20... Bg7 $142) 21. Nh3 Be7 22. Qe2 {[%emt 0:05:17] Threatens to win with fxe5.} Qc7 (22... O-O-O $16 {might work better.}) 23. Rbe1 O-O-O 24. Qd2 (24. a5 $142) 24... Qc5 ({Black should play} 24... Kb8) 25. Ng5 {[%emt 0:00:21] Nf7 is the strong threat.} Rdf8 {[%emt 0:00:00] Against Nf7} 26. exf5 gxf5 27. Bd5 Kb8 28. Qg2 Qc7 29. Qd2 (29. Qf2 $16) 29... Qb6 ({Better is} 29... Qc5 $1 $11) 30. Qg2 ({White should try} 30. Nf7 $16) 30... Bc8 (30... Qc7 $1 $11) 31. Qd2 (31. fxe5 dxe5 32. Rxe5 Qc7 $14) (31. a5 $16 Qc5 32. Qd2 (32. fxe5 dxe5 33. Nf7 Rh7 $14)) 31... Bf6 (31... Bd7 $1 $11) 32. Re2 {[%emt 0:01:09] White is much more active.} (32. Nf7 $142) 32... Re8 33. Rfe1 Re7 $1 34. Rf1 (34. fxe5 $14 dxe5 35. Nf7) 34... Bd7 35. Rfe1 Rf8 36. Rf1 Ka7 37. Bg2 Qc5 38. Bd5 Rfe8 {[%emt 0:00:00] aiming for ...exf4.} 39. Rfe1 Bc6 40. Bxc6 bxc6 41. Qc2 Kb6 42. Nf3 Ka6 43. Nd2 (43. Kg2 $1 $11) 43... exf4 (43... Rg7 {feels hotter.} 44. Nf3 Rg4 45. Qd2 Re7) 44. Rxe7 fxg3+ 45. Kxg3 (45. Kh3 $142 Rxe7 46. Rxe7 Bxe7 47. Nf3) 45... Bxe7 $17 (45... Rxe7 46. Rxe7 Bxe7 47. Nf3 $17) 46. Nf3 {[%emt 0:00:14] [#]} d5 $1 47. Kh3 f4 (47... Rg8 $17 {And now ...Qd6 would win.} 48. Re6 Kb7) 48. Qg2 (48. Kh2 $11 {remains equal.}) 48... Qd6 (48... dxc4 $17 49. dxc4 d3) 49. Nxd4 {[%emt 0:02:38] [#]} (49. cxd5 $1 $11 Qxd5 50. Nxd4 Qd7+ 51. Re6) 49... Qd7+ $2 (49... Qf6 $1 $17 50. Nf3 dxc4 51. dxc4 Rd8) 50. Re6 $14 Bd6 $2 (50... Rd8 $1 $14 51. cxd5 Qxd5 52. Rxc6+ (52. Rxe7 Qxg2+ 53. Kxg2 Rxd4 $11) 52... Kb7) 51. cxd5 $18 f3 (51... cxd5 $142 52. Qxd5 Rxe6 53. Qxe6 (53. Nxe6 f3 $16) 53... Qxe6+ 54. Nxe6 f3) 52. Qxf3 Bc5 (52... Rf8 $142 53. Nf5 Bc7) 53. Nxc6 {[%emt 0:00:07] White wants to mate with Nb8+.} Kb7 {[%emt 0:00:23] Prevents Nb8.} 54. Ne5 Qc8 55. d6+ {[%emt 0:00:15] Quite a comeback for White.  Weighted Error Value: White=0.32/Black=0.62} 1-0

[Event "13th KIIT Festival-A 2022"]
[Site "Bhubaneswar"]
[Date "2022.05.24"]
[Round "4.14"]
[White "Ayush Jha"]
[Black "Karthikeyan, P.."]
[Result "0-1"]
[ECO "E03"]
[WhiteElo "1900"]
[BlackElo "2361"]
[Annotator "TA"]
[PlyCount "86"]
[EventDate "2022.05.15"]
[EventType "swiss"]
[EventCountry "IND"]
[SourceTitle "playchess.com"]
[Source "ChessBase"]
[SourceQuality "1"]
[TimeControl "5400+30"]

1. d4 Nf6 2. Nf3 e6 3. c4 d5 4. g3 dxc4 5. Qa4+ Nbd7 6. Qxc4 a6 7. Bg2 b5 8. Qc6 Rb8 9. O-O Bb7 10. Qc2 c5 11. dxc5 Bxc5 12. Nc3 {[%emt 0:00:18] E03: Open Catalan: 5 Qa4+ Nbd7 6 Qxc4.} Rc8 {[%emt 0:01:05] [#] ...b4 is the strong threat.} 13. Qb3 O-O 14. Bf4 {[%emt 0:02:57] Black is better.} Qb6 {[%emt 0:09:46] [#]} 15. Ne1 $146 ({Predecessor:} 15. Ne5 Nxe5 16. Bxb7 Qxb7 17. Bxe5 Ng4 18. Bf4 Bd4 19. h3 Nf6 20. Rac1 h6 21. e3 Bxc3 22. Rxc3 Rxc3 23. Qxc3 {0-1 (30) Lehiste,M (2177)-Ruck,R (2551) Tallinn 2019}) 15... Bd4 16. Bxb7 Qxb7 17. Nd1 Nd5 18. Qf3 Qb6 {[%emt 0:00:49] 0x0.0021b8895157dp-1022s more active pieces.} 19. Nd3 Nxf4 20. Nxf4 {[%emt 0:04:43] [#]} (20. Qxf4 $15 e5 21. Qf5) 20... Ne5 $1 $36 {[%emt 0:00:05][%mdl 2048] Black is on the roll.} 21. Qb3 (21. Qg2 $142) 21... Nc4 22. Qb4 a5 23. Qe1 Nxb2 24. Nxb2 Bxb2 25. Rb1 Rc2 26. Qd1 Rfc8 27. Qd3 (27. Nd3 $142 Bf6 28. Rc1) 27... b4 28. Qb3 Be5 29. Nd3 Bd4 30. Nf4 $2 (30. e3 {was necessary.} R2c3 31. Rbc1) 30... g6 (30... g5 $142 31. Nh5 Rxe2) 31. e3 Be5 32. a3 $2 (32. Rbd1) 32... Bxf4 {[%emt 0:03:03] Black is clearly winning.} 33. gxf4 R8c3 34. Qa4 b3 {[%emt 0:00:10] And now ...b2 would win.} 35. Qe8+ Kg7 {[%emt 0:00:14] Hoping for ...b2.} 36. Rbd1 Rc8 37. Qe7 R2c7 38. Qd6 Qxd6 39. Rxd6 Rc1 40. Rb6 a4 {[%emt 0:00:24] White must now prevent ...R8c2.} 41. Rb4 R8c2 {[%emt 0:01:13] Strongly threatening ...b2.} 42. Kg2 Rxf1 43. Kxf1 Ra2 {[%emt 0:00:01] Weighted Error Value: White=0.64/Black=0.19 (very precise)} 0-1

[Event "13th KIIT Festival-A 2022"]
[Site "Bhubaneswar"]
[Date "2022.05.24"]
[Round "4.15"]
[White "Adireddy Arjun"]
[Black "Sidhant, Mohapatra"]
[Result "1/2-1/2"]
[ECO "B90"]
[WhiteElo "1898"]
[BlackElo "2327"]
[Annotator "TA"]
[PlyCount "81"]
[EventDate "2022.05.15"]
[EventType "swiss"]
[EventCountry "IND"]
[SourceTitle "playchess.com"]
[Source "ChessBase"]
[SourceQuality "1"]
[TimeControl "5400+30"]

1. e4 c5 2. Nf3 d6 3. d4 cxd4 4. Nxd4 Nf6 5. Nc3 a6 6. Be3 e5 7. Nf3 Qc7 8. a4 Be7 9. a5 {[%emt 0:00:30] 9.a5 was played by the boomers.} Be6 {[%emt 0:00:30] B90: Sicilian Najdorf: Unusual White 6th moves, 6 Be3 Ng4 and 6 Be3 e5.} 10. Be2 O-O 11. O-O Qc6 {[%emt 0:00:30] The position is equal.} 12. Ra4 {[%emt 0:00:30] [#]} Rc8 $146 ({Predecessor:} 12... Nbd7 13. Ng5 d5 14. exd5 Nxd5 15. Nxe6 Nxc3 16. bxc3 Qxe6 17. Bf3 Nf6 18. Bxb7 Rad8 {½-½ (37) Smirin,I (2535)-Browne,W (2560) Philadelphia 1990}) 13. Ng5 Qd7 {[%emt 0:00:30][%cal Oc8c3] aiming for ...Rxc3!} 14. Nxe6 fxe6 15. Ra1 (15. Qa1 $1 $16) 15... Qe8 (15... Nc6 $11) 16. f4 exf4 $1 17. Bxf4 Rc6 (17... Nbd7 $11 {keeps the balance.}) 18. e5 $16 dxe5 19. Bxe5 Nbd7 20. Bg3 {[%emt 0:00:30] A strong pair of Bishops.} e5 21. Bf3 {[%emt 0:00:30] Inhibits e4.} Rc7 22. Nd5 Nxd5 23. Bxd5+ Kh8 24. Qf3 Rb8 25. c3 Bf6 (25... Nf6 $16 {keeps fighting.}) 26. Rae1 b6 27. axb6 $1 Rxb6 28. b4 Rb8 29. Bc6 Rbc8 30. Bxd7 {[%emt 0:00:30] 0x0.000842203b09dp-1022s more active pieces.} (30. Ba4 {feels hotter.} Qe6 31. Re3 Bg5 32. Re4) 30... Rxd7 {[%emt 0:00:30] [#]} 31. Bxe5 $1 Bxe5 {[%emt 0:00:30] [#]} 32. Rxe5 Qg8 (32... Qxe5 $2 33. Qf8+ $3 Rxf8 34. Rxf8#) 33. Ra5 (33. Rfe1 $142) 33... Rdc7 34. Rxa6 Rxc3 35. Qf7 Qd8 ({Better is} 35... Rb3 $14) 36. Ra7 (36. b5 $16) 36... Qd4+ $14 37. Kh1 {[%emt 0:00:30][%cal Of7f8] Threatening mate with Qf8+!} Rc1 {[%emt 0:00:30] [#]} (37... h6 $1 $14) 38. Rc7 $3 $36 {[%emt 0:00:30][%mdl 2560] White threatens Rxc8+ and mate. Keeping Black busy.} Rxf1+ (38... R1xc7 $2 {[#] gets mated.} 39. Qf8+ $3 Rxf8 40. Rxf8#) 39. Qxf1 Rd8 40. b5 Qb2 (40... Qd6 $16 41. Rc1 h6) 41. Rc1 {[%emt 0:00:30] Weighted Error Value: White=0.17 (very precise) /Black=0.26 (precise)} 1/2-1/2

[Event "13th KIIT Festival-A 2022"]
[Site "Bhubaneswar"]
[Date "2022.05.24"]
[Round "4.16"]
[White "Bristy Mukherjee"]
[Black "Arpita, Mukherjee"]
[Result "1/2-1/2"]
[ECO "A45"]
[WhiteElo "1887"]
[BlackElo "2275"]
[Annotator "TA"]
[PlyCount "84"]
[EventDate "2022.05.15"]
[EventType "swiss"]
[EventCountry "IND"]
[SourceTitle "playchess.com"]
[Source "ChessBase"]
[SourceQuality "1"]
[TimeControl "5400+30"]

1. d4 Nf6 2. Bg5 Ne4 3. h4 d5 4. Nd2 c5 5. Nxe4 dxe4 6. dxc5 {[%emt 0:01:19] A45: Trompowsky Attack.} Qa5+ 7. c3 Qxc5 8. Qa4+ Qc6 9. Qxc6+ ({Much weaker is} 9. Qd4 f6 10. Be3 e5 $17) 9... Nxc6 10. f3 {[%emt 0:00:18] [#]} h6 $146 ({Predecessor:} 10... Bf5 11. g4 Be6 12. Nh3 O-O-O 13. Be3 exf3 14. exf3 Bd5 15. Kf2 f6 16. Nf4 Bf7 {1-0 (73) Rogers,I (2582)-Maze,S (2462) Reykjavik 2004}) 11. Be3 Bf5 12. g4 Be6 13. Nh3 exf3 14. exf3 Bd5 15. Be2 {[%emt 0:02:30] With the idea Nf4.} e5 {[%emt 0:00:11] Against Nf4} 16. Nf2 O-O-O 17. Ne4 Be7 18. Ng3 Rhe8 19. Kf2 Bf8 20. Rhd1 Be6 21. b3 Be7 22. h5 Bh4 23. Kg2 Ne7 ({Black should play} 23... Kc7 $14) 24. c4 (24. Bxa7 $16 Kc7 25. Bc5) 24... Nc6 $14 25. Ne4 {[%emt 0:04:31] Threatens to win with Nd6+.} Be7 {[%emt 0:00:40] Prevents Nd6+.} 26. Nc5 Bxc5 27. Bxc5 b6 28. Bf2 Rxd1 29. Rxd1 Rd8 30. Rxd8+ Kxd8 {[%emt 0:00:08][%mdl 4096] Endgame KBB-KBN} 31. Bd3 Nb4 32. Bb1 Kd7 33. Be3 Kd6 34. g5 hxg5 35. Bxg5 {[%emt 0:00:05][%cal Og5f6] Bf6! is the strong threat.} f6 {[%emt 0:00:00] [#]} 36. h6 $1 gxh6 (36... fxg5 $2 37. h7 $18) 37. Bxh6 {[%emt 0:00:35] Strongly threatening Bf8+. The position is equal.} Nc6 38. Bf8+ Kd7 39. Kf2 Nd4 40. Be4 a5 41. c5 bxc5 42. Bxc5 Nb5 {[%emt 0:00:00] Weighted Error Value: White=0.07 (flawless) /Black=0.07 (flawless)} 1/2-1/2

[Event "13th KIIT Festival-A 2022"]
[Site "Bhubaneswar"]
[Date "2022.05.24"]
[Round "4.17"]
[White "Saravana, Krishnan P."]
[Black "Mahendra Teja Mekala"]
[Result "1-0"]
[ECO "B27"]
[WhiteElo "2269"]
[BlackElo "1871"]
[Annotator "TA"]
[PlyCount "79"]
[EventDate "2022.05.15"]
[EventType "swiss"]
[EventCountry "IND"]
[SourceTitle "playchess.com"]
[Source "ChessBase"]
[SourceQuality "1"]
[TimeControl "5400+30"]

1. e4 c5 2. Nf3 g6 3. Bc4 Bg7 4. c3 e6 5. d4 cxd4 6. Nxd4 {[%emt 0:00:20] White wants to play Nb5. B27: Sicilian: 2 Nf3, unusual Black 2nd moves.} a6 {[%emt 0:00:56] Against Nb5} 7. O-O Ne7 8. Bg5 {[%emt 0:00:47] White is slightly better.} O-O 9. Bb3 f6 10. Bh4 {[%emt 0:01:01] [#]} Kh8 $146 ({Predecessor:} 10... Nbc6 11. Nd2 b5 12. N2f3 Bb7 13. e5 Rc8 14. Re1 Nxd4 15. Nxd4 Bd5 16. a4 fxe5 17. Bxd5 exd4 18. cxd4 {½-½ (42) Rabineau,C (2291)-Rodsmoen,M San Sebastian 2011}) 11. Re1 b6 (11... e5 $14) 12. e5 $16 {[%emt 0:12:39] White is much more active.} Nbc6 13. exf6 (13. Bxf6 {keeps more tension.} Bxf6 14. exf6 Rxf6 15. Nxc6 Nxc6 16. Nd2) 13... Bxf6 14. Bxf6+ Rxf6 15. Qd3 Nxd4 16. Qxd4 Nc6 17. Qh4 Bb7 18. Nd2 Qf8 ({Black should play} 18... Rf8 19. Qg3 Na5) 19. Rad1 $1 Rf4 20. Qg3 Na5 {[%emt 0:10:46] Against Nc4} 21. Bc2 {[%emt 0:01:04] b4 is the strong threat.} Rd8 (21... Rc8 $16 22. b4 Nc6) 22. Qe3 $1 $18 Rb8 (22... Nc4 $142 23. Nxc4 Rxc4) 23. b4 ({Worse is} 23. Qxb6 Bxg2 24. Qxa5 Rg4 $11) 23... Nc6 24. Qxb6 {[%emt 0:09:02] Threatens to win with Ne4.} Nxb4 25. cxb4 Bxg2 26. Qe3 ({Weaker is} 26. Qxa6 Rg4 27. Qa3 Rbxb4 $11) 26... Rg4 27. h3 ({White should try} 27. Nf1 {And now Rd4 would win.} Bc6+ 28. Ng3) 27... Bxh3+ $16 28. Kh2 Rh4 {[%emt 0:01:48] Strongly threatening ...Qd6+.} 29. Kg3 $1 Rbxb4 30. Ne4 {[%emt 0:01:22] The board is on fire.} (30. Nf3 {is a self mate.} Rbg4+ 31. Kh2 Qxf3 $3 32. Qe5+ Kg8 33. Qb8+ Qf8) 30... Qf5 {[%emt 0:00:27] ( -> ...Qg4+)} 31. Qc3+ e5 32. Qc8+ Kg7 {[%emt 0:00:07][%csl Ge5,Gh4][%cal Rf5f4] [#]} 33. Qxd7+ $1 Qxd7 34. Rxd7+ Bxd7 35. Kxh4 Bf5 36. Kg3 Rc4 (36... h5 $14) 37. Bb1 h5 38. f3 g5 $2 (38... Rb4 $16) 39. Nd6 $18 h4+ 40. Kf2 {[%emt 0:00:20] Weighted Error Value: White=0.08 (flawless) /Black=0.39} 1-0

[Event "13th KIIT Festival-A 2022"]
[Site "Bhubaneswar"]
[Date "2022.05.24"]
[Round "4.18"]
[White "Aditya P Melani"]
[Black "Sangma, Rahul"]
[Result "0-1"]
[ECO "A34"]
[WhiteElo "1855"]
[BlackElo "2232"]
[Annotator "TA"]
[PlyCount "88"]
[EventDate "2022.05.15"]
[EventType "swiss"]
[EventCountry "IND"]
[SourceTitle "playchess.com"]
[Source "ChessBase"]
[SourceQuality "1"]
[TimeControl "5400+30"]

1. c4 b6 2. Nc3 Bb7 3. e4 c5 4. g3 g6 5. Bg2 Bg7 6. Nge2 Nc6 {[%emt 0:00:39] Against d4. A34: Symmetrical English: 2 Nc3, lines with ...d5.} 7. O-O {[%emt 0:04:42] 7.0-0 is better than 7.d3.} e6 8. d4 cxd4 (8... Nxd4 $11 9. Nxd4 Bxd4) 9. Nb5 $14 d6 10. Nexd4 Nxd4 11. Nxd4 a6 {[%emt 0:00:11] [#] Inhibits Nb5.} 12. Re1 $146 ({Predecessor:} 12. Be3 Ne7 13. Qd2 O-O 14. Bh6 Rc8 15. b3 Qc7 16. Rac1 Nc6 17. Bxg7 Kxg7 18. f4 Nxd4 19. Qxd4+ {½-½ (40) Steinhagen,B (2298)-Wuttke,H (2163) Germany 2014}) 12... Qc7 13. b3 Nf6 14. a4 O-O 15. Ba3 Rfd8 16. Rc1 Nd7 17. Bb2 (17. Nb5 $5 Qc6 18. Nd4 $11 (18. Nxd6 $2 Nc5 $19)) 17... Rac8 18. Bc3 Nc5 19. Qc2 {[%emt 0:06:11] [#]} (19. b4 $11 {keeps the balance.}) 19... Qb8 (19... d5 $1 $17 {[%cal Rd5c4] Hoping for ...dxc4.} 20. exd5 exd5 21. cxd5 Bxd5) 20. b4 Nd7 21. Qb3 Ne5 22. Bb2 Qc7 23. Bf1 h5 24. f4 Nc6 25. Nc2 ({White should try} 25. Nf3) 25... a5 26. Bxg7 Kxg7 27. b5 Nb8 28. Qe3 Nd7 29. f5 (29. Nd4 $15) 29... Qc5 $17 30. fxe6 Qxe3+ ({But not} 30... fxe6 $6 31. Nd4 Re8 32. Bh3 $11) 31. Rxe3 fxe6 32. Nd4 Nc5 33. Bh3 Re8 34. Rce1 Rc7 35. e5 d5 36. Rc3 (36. Rc1 $17 {was necessary.}) 36... Nxa4 $19 37. Rc2 Nc5 ({Stronger than} 37... Rxc4 38. Nxe6+ Kh6 39. Rf2 $15) 38. cxd5 (38. Bf1 $142) 38... Bxd5 39. Bg2 Rd7 {[%emt 0:03:45] [#] aiming for ...Bxg2.} 40. Bxd5 Rxd5 41. Nc6 Nd3 42. Re4 (42. Rd1 {was called for.}) 42... Rxb5 43. Rd4 $2 (43. Rce2) 43... Rb1+ 44. Kg2 Ne1+ {[%emt 0:00:02] Weighted Error Value: White=0.44/Black=0.12 (very precise)} 0-1

[Event "13th KIIT Festival-A 2022"]
[Site "Bhubaneswar"]
[Date "2022.05.24"]
[Round "4.19"]
[White "Dhananjay S"]
[Black "Ghosh Samriddhaa"]
[Result "1-0"]
[ECO "C00"]
[WhiteElo "2218"]
[BlackElo "1844"]
[Annotator "TA"]
[PlyCount "105"]
[EventDate "2022.05.15"]
[EventType "swiss"]
[EventCountry "IND"]
[SourceTitle "playchess.com"]
[Source "ChessBase"]
[SourceQuality "1"]
[TimeControl "5400+30"]

1. Nf3 d5 2. g3 Nf6 3. Bg2 c5 4. O-O Nc6 5. d3 e6 6. Nbd2 Be7 7. e4 O-O 8. Re1 b5 9. a4 bxa4 {[%emt 0:06:48] C00: French: Unusual White 2nd moves.} 10. Rxa4 a5 11. exd5 exd5 {[%emt 0:02:30] The position is equal.} 12. d4 {[%emt 0:00:28] [#]} h6 $146 ({Predecessor:} 12... cxd4 13. Nb3 Bb4 14. Bd2 Bd7 15. Ra1 d3 16. c3 Bd6 17. Nbd4 Qb6 18. Nxc6 Bxc6 {0-1 (92) Pfreundt,J (2394)-Hilverda,A (2364) Werther 2018}) 13. Ne5 Bb7 (13... Nxd4 $2 14. Rxd4 $1 cxd4 15. Nc6 $18) 14. dxc5 Nxe5 15. Rxe5 Bxc5 16. Nb3 Bd6 17. Re1 Bb4 (17... Bc6 $5 18. Ra1 Qc7 $11) 18. c3 Bc6 19. Ra1 Bd6 20. Nd4 Bd7 21. Qd3 Qc8 22. Be3 Bh3 (22... a4 $11) 23. Bh1 {[%emt 0:00:50] White is more active.} (23. Bxh3 $14 Qxh3 24. f3) 23... Re8 24. Ne2 Bf5 25. Qd2 Bc5 26. Nf4 Be4 27. Bd4 Bxd4 28. Qxd4 Bxh1 29. Kxh1 Re4 30. Qd2 Qb7 31. Kg1 Rb8 32. Reb1 Qb5 33. f3 Re7 34. Qd4 Qb3 35. Qf2 Qb5 36. Qd4 Qb3 37. Nd3 (37. Rxa5 $11 Qc2 38. Qd3 Qxd3 39. Nxd3) 37... Qc4 (37... Re2 $15 38. Re1 (38. Rxa5 $2 Qc2 $19) 38... Rbe8 39. Rxe2 Rxe2) 38. Ra4 (38. Rxa5 {seems wilder.} Qb3 39. Nb4 Re2 40. Ra3) 38... Qxd4+ 39. cxd4 Re3 40. Ne5 Re2 41. Rxa5 Rc8 42. Nd3 Rcc2 {[%emt 0:00:09] ( -> ...Rg2+)} 43. Ne1 {[%emt 0:00:02] Inhibits Rg2+.} (43. Nf4 {is interesting.} Rf2 44. Rc1 Rcd2 45. Rd1) 43... Rcd2 {[%emt 0:00:52] aiming for ...Nh5.} 44. b4 Rxd4 (44... Rxh2 {is more complex.} 45. Ra3 Nd7 46. Ra8+ Kh7) 45. b5 {[%emt 0:00:07] Threatens to win with b6.} Nd7 46. Ra6 Nc5 (46... Rdd2 $11 {feels stronger.}) 47. Rc6 $1 $14 Nd3 48. Nc2 Rc4 {[%emt 0:00:24] [#] Strongly threatening ...Rxc6.} 49. Na3 $1 Rc5 (49... Ra4 $16 {is a better defense.} 50. Rc3 Nc5) 50. Rd1 $36 {[%emt 0:01:05][%mdl 2048] Keeping Black busy.} Re3 51. Nc2 Re2 $2 (51... Re6 $16 {might work better.}) 52. Nd4 ({Worse is} 52. Rxd3 Rxc6 53. bxc6 Rxc2 $11) 52... Rb2 53. Rxd3 {[%emt 0:21:39] Weighted Error Value: White=0.11 (very precise) /Black=0.21 (precise)} 1-0

[Event "13th KIIT Festival-A 2022"]
[Site "Bhubaneswar"]
[Date "2022.05.25"]
[Round "5.1"]
[White "Stupak, Kirill"]
[Black "Amonatov, Farrukh"]
[Result "1/2-1/2"]
[ECO "A39"]
[WhiteElo "2440"]
[BlackElo "2622"]
[Annotator "TA"]
[PlyCount "160"]
[EventDate "2022.05.15"]
[EventType "swiss"]
[EventCountry "IND"]
[SourceTitle "playchess.com"]
[Source "ChessBase"]
[SourceQuality "1"]
[TimeControl "5400+30"]

1. d4 Nf6 2. c4 g6 3. Nc3 Bg7 4. g3 c5 5. Nf3 O-O 6. Bg2 cxd4 7. Nxd4 Nc6 8. O-O Qa5 9. Nb3 {[%emt 0:08:28] 9.e3 injects fresh life into this line.} Qb4 10. c5 {[%emt 0:02:20] A39: Symmetrical English vs ...g6: 4 Bg2 Bg7 5 Nf3 Nf6 6 0-0 0-0 7 d4.} d5 11. cxd6 Rd8 12. a3 {[%emt 0:02:29] [#]} Qc4 $146 ({Predecessor:} 12... Qxd6 13. Qxd6 exd6 14. Be3 Be6 15. Nd4 d5 16. Rac1 Ng4 17. Nxe6 fxe6 18. Bf4 Nge5 {½-½ (27) Hafner,M (2492)-Miguel de Frutos,V (1829) ICCF email 2012}) 13. Nd2 Qc5 (13... Qe6 $14) 14. Nde4 $16 Nxe4 15. Nxe4 Qa5 16. dxe7 Nxe7 17. Qc2 Be6 18. Qc5 Nc6 {[%emt 0:03:59][%cal Be7c6,Bc6a5,Ba5c4][%mdl 32] [#]} 19. Bg5 $1 Rdc8 20. Rab1 ({Better is} 20. Qe3) 20... h6 21. Qxa5 (21. Be3 {keeps more tension.} Rc7 22. b4 Qxa3 23. Rfd1) 21... Nxa5 22. Bf6 Nc4 23. Rfd1 Rab8 24. a4 b5 25. axb5 Rxb5 26. Bxg7 Kxg7 27. b4 Rcb8 28. Ra1 Rxb4 29. Nc5 Bc8 30. Nd3 {[%emt 0:01:23] White is more active.} R4b5 31. Rxa7 Bg4 32. Bf1 Rb1 33. Ra1 $1 Rxa1 34. Rxa1 Nd2 35. Rd1 Nxf1 36. Kxf1 $14 {[%emt 0:00:02][%mdl 4096] Endgame KRB-KRN} Bf5 37. Nf4 g5 38. Nd5 Be6 39. Ne3 Rb3 40. Nc2 Rb2 41. Nd4 Kf6 42. f3 Bc4 43. Ke1 Ke5 44. Nc6+ Ke6 45. Rd2 Rb1+ 46. Kf2 Rh1 47. Kg2 Re1 48. Nd4+ Ke5 49. f4+ Kf6 $1 50. Rb2 Kg6 51. Rb6+ f6 52. Rd6 Rd1 (52... g4 $14) 53. Kf2 Rh1 54. Nf3 {[%emt 0:00:32] [#] Hoping for Ne5+.} Kf7 55. Rd7+ Ke6 56. Rd4 Ba6 57. Rb4 {[%emt 0:00:27] Prevents Bb7.} Kf7 58. Kg2 Ra1 59. Nd4 Rd1 60. h4 gxh4 61. gxh4 Kg6 62. Kf2 (62. f5+ $16 Kf7 63. Kf3) 62... Bc8 63. Ke3 Rh1 64. Rb8 Bg4 (64... Bd7 $11) 65. Rg8+ $1 Kh5 66. f5 {[%emt 0:00:30] aiming for Rf8.} Rh3+ 67. Kf4 (67. Ke4 $14) 67... Rxh4 $11 {[%emt 0:00:09] The position is equal.} 68. Nf3 Bxf3+ 69. Kxf3 {[%emt 0:00:01] KR-KR} Rh3+ 70. Ke4 (70. Kf4 $5 ) 70... Rh4+ 71. Kd5 Rg4 72. Rf8 Kg5 73. e4 {[%emt 0:00:01] White wants to mate with Rg8+.} h5 74. e5 fxe5 75. Kxe5 Ra4 (75... h4 76. Rg8+ Kh5 77. Rh8+ Kg5 78. f6) 76. Rg8+ Kh6 77. f6 {[%emt 0:00:39] Threatening mate with f7.} Ra5+ 78. Ke4 Ra4+ 79. Ke5 {[%emt 0:00:05] f7 would kill now.} Ra5+ 80. Ke4 {[%emt 0:00:03] White threatens f7 and mate.} Ra4+ {[%emt 0:03:57] Weighted Error Value: White=0.07 (flawless) /Black=0.09 (flawless)} 1/2-1/2

[Event "13th KIIT Festival-A 2022"]
[Site "Bhubaneswar"]
[Date "2022.05.25"]
[Round "5.2"]
[White "Azaladze, Shota"]
[Black "Aleksandrov, Aleksej"]
[Result "0-1"]
[ECO "C00"]
[WhiteElo "2420"]
[BlackElo "2492"]
[Annotator "TA"]
[PlyCount "76"]
[EventDate "2022.05.15"]
[EventType "swiss"]
[EventCountry "IND"]
[SourceTitle "playchess.com"]
[Source "ChessBase"]
[SourceQuality "1"]
[TimeControl "5400+30"]

1. Nf3 Nf6 2. g3 d5 3. Bg2 e6 4. O-O Be7 5. d3 O-O 6. Nbd2 c5 7. e4 Nc6 8. Re1 Qc7 9. e5 Nd7 10. Qe2 b5 11. Nf1 Bb7 12. Bf4 {[%emt 0:00:22] C00: French: Unusual White 2nd moves.} Rfc8 13. h4 a5 14. Ne3 {[%emt 0:02:41][%cal Oe3d5] Black has an edge. 14.h5 is setting a new trend.} Qd8 {[%emt 0:03:29] [#]} ({Don't play} 14... Ncxe5 15. Nxe5 (15. Nxd5 Bxd5 16. Nxe5 Bxg2 $11) 15... Nxe5 16. Bxe5 Qxe5 17. Nxd5 $1 $16) 15. a4 $146 ({Predecessor:} 15. Ng4 Bf8 16. h5 h6 17. Ngh2 b4 18. g4 a4 19. g5 Nd4 20. Nxd4 cxd4 21. Qg4 hxg5 22. Bxg5 {0-1 (63) Vandendriessche,J (2168)-Decrop,B (2181) Wachtebeke 2019}) 15... bxa4 16. Ng4 Nb6 17. h5 h6 $1 18. Qd2 Nd4 19. Nxd4 cxd4 20. Bxh6 gxh6 $19 21. Nxh6+ {[%emt 0:00:24] [#]} Kg7 $1 {[%emt 0:05:51] ...Bg5 is the strong threat.} (21... Kf8 22. Qf4 Qe8 23. Qg4 $18) 22. Qf4 Qf8 23. Ng4 {[%emt 0:06:06] White does not recover from this.} (23. Re2 $17 {was necessary.}) 23... Rxc2 24. Qxd4 Bd8 {[%emt 0:07:35] Hoping for ...Qb4.} 25. Qf4 Rxb2 26. Re3 a3 27. Rxa3 (27. Rf3 $142) 27... Qxa3 28. Rf3 Qf8 29. Qh6+ Kg8 30. Qc1 Qb4 {[%emt 0:09:39] Strongly threatening ...Rb1.} 31. Nh6+ {[%emt 0:00:12] [#]} Kf8 $1 {[%emt 0:00:03] aiming for ...Rb1.} (31... Kh8 {leads to mate.} 32. Nxf7+ Kg8 33. Qh6) 32. Kh2 Rc8 33. Rxf7+ Ke8 34. Qd1 {[%emt 0:00:27] [#]} Rcc2 $1 35. Rxb7 (35. Kh3 Rxf2) 35... Rxf2 {[%emt 0:00:09] Black mates.} 36. Ng4 Rxg2+ 37. Kh3 Qf8 38. h6 Qf5 {[%emt 0:01:04] Weighted Error Value: White=0.62/Black=0.02 (flawless)} 0-1